 Dungeon Crawl Stone Soup version 0.30.1-11-g7821555f0a (webtiles) character file.

Game seed: 9218534815855883443

1215 Wiggles the Cleaver (level 8, -2/65 (71) HPs)
             Began as a Minotaur Berserker on Nov 27, 2023.
             Was a Believer of Trog.
             Slain by a wight
             ... wielding a +2 war axe
              (6 damage)
             ... on level 6 of the Dungeon.
             The game lasted 00:05:27 (4073 turns).

Wiggles the Cleaver (Minotaur Berserker)            Turns: 4073, Time: 00:05:27

HP:   -2/65 (71)    AC: 11    Str: 24    XL:     8   Next: 22%
MP:   0/7           EV: 14    Int:  4    God:    Trog [**....]
Gold: 357           SH:  6    Dex: 10    Spells: 7/7 levels left

rFire   . . .        a - +0 hand axe
rCold   . . .        f - +2 buckler
rNeg    . . .        x - +0 chain mail
rPois   .            (helmet restricted)
rElec   .            s - +0 cloak
rCorr   .            (no gloves)
SInv    .            (no boots)
Will    .....        e - amulet of guardian spirit Stlth
                     j - +5 ring of evasion
HPRegen 0.30/turn    (no ring)
MPRegen 0.10/turn

%: guardian spirit
@: lethally poisoned (-2 -> -14), on berserk cooldown, drained
A: horns 2, retaliatory headbutt
a: Renounce Religion, Berserk, Trog's Hand


You were on level 6 of the Dungeon.
You worshipped Trog.
Trog was pleased with you.
You visited 1 branch of the dungeon, and saw 6 of its levels.

You collected 357 gold pieces.

Inventory:

Hand Weapons
 a - a +0 hand axe (weapon)
Missiles
 q - a throwing net (quivered)
Armour
 f - a +2 buckler (worn)
 s - a +0 cloak (worn)
 x - a +0 chain mail (worn)
Jewellery
 e - an amulet of guardian spirit (around neck)
 j - a +5 ring of evasion (left hand)
 v - an amulet of faith
Wands
 A - a wand of light (1)
 E - a wand of mindburst (11)
 G - a wand of paralysis (8)
 H - a wand of digging (2)
Scrolls
 g - a scroll of amnesia {unknown}
 h - 3 scrolls of teleportation {unknown}
 k - a scroll of blinking {unknown}
 l - a scroll of identify {unknown}
 m - 2 scrolls of acquirement {unknown}
 n - 2 scrolls of fog {unknown}
 r - a scroll of noise {unknown}
 u - a scroll of silence {unknown}
 w - 2 scrolls of brand weapon {unknown}
 y - 2 scrolls of fear {unknown}
 D - a scroll of enchant armour {unknown}
Potions
 b - 3 potions of lignification {unknown}
 c - a potion of curing {unknown}
 d - a potion of attraction {unknown}
 i - 2 potions of brilliance {unknown}
 o - 2 potions of flight {unknown}
 p - a potion of invisibility {unknown}
 t - a potion of ambrosia {unknown}
 z - 2 potions of mutation {unknown}
 B - a potion of degeneration {unknown}
 C - a potion of berserk rage {unknown}
 F - 2 potions of cancellation {unknown}


   Skills:
 + Level 6.3 Fighting
 + Level 8.4 Axes
 + Level 5.3 Armour
 + Level 3.5 Dodging
 + Level 1.1 Stealth
 + Level 3.8 Shields


You had 7 spell levels left.
You didn't know any spells.
Your spell library was empty.

Dungeon Overview and Level Annotations

Branches:
Dungeon (6/15)
 Temple: D:4-7

Altars:
Cheibriados
Elyvilon
Sif Muna
Trog
Zin

Shops:
D:4 [


Innate Abilities, Weirdness & Mutations

You have a pair of horns on your head.
You reflexively headbutt those who attack you in melee.


Message History

You slash the wight! Your headbutt misses the wight.
The wight is heavily damaged.
You barely miss the wight. You block the wight's attack.
The wight hits you with a +2 war axe.
You feel drained.
You hit the wight but do no damage. x2
The wight hits you from afar with a +2 halberd of venom!
You are poisoned.
The wight hits you with a +0 battleaxe!
You feel drained.
You feel very sick. The wight completely misses you.
The wight closely misses you. The wight hits you with a +2 war axe!
You feel drained.
You hit the wight but do no damage. You barely miss the wight. x2
You feel sick.
You closely miss the wight. You headbutt the wight.
The wight is almost destroyed.
You hit the wight but do no damage. x2; You feel sick.
The wight hits you with a +0 battleaxe.
You feel drained. The wight misses you. You block the wight's attack.
You hit the wight.
You destroy the wight!
Trog accepts your kill.
You hit the wight but do no damage. You barely miss the wight.
You feel sick. The wight closely misses you. You furiously retaliate!
You headbutt the wight! You block the wight's attack.
You feel sick. The wight hits you with a +2 war axe.
The wight barely misses you.
Things that are here:
a +0 battleaxe; a +0 robe The wight attacks as you move away!
The wight hits you with a +2 halberd of venom!
* * * LOW HITPOINT WARNING * * *
You feel drained.
* * * LOW HITPOINT WARNING * * *
You are lethally poisoned!
* * * LOW HITPOINT WARNING * * *
You feel very sick. The wight hits you but does no damage.
The wight hits you with a +2 war axe!
* * * LOW HITPOINT WARNING * * *
The wight attacks as you move away! The wight hits you with a +2 war axe.
You die...

####.## ..#.... ....... ##
#...... .# # .......####.#..
.................. ...........#
.... . .......@...###... .#
#......)z.###....##..
#.....z..............###
#.#####.#......##.#....# #
###.......#.##..##
#.#.....<........#
♣♣♣♣♣##............###.#
#####♣♣♣.♣.♣.##...........#....
#...#♣..♣............#.........


You could see 2 wights.

Vanquished Creatures
  Grinder (D:4)
  A black bear (D:5)
  An ogre (D:4)
  A centaur (D:5)
  2 scorpions
  A wight (D:6)
  A howler monkey (D:5)
  2 jellies
  3 hounds
  Crazy Yiuf (D:6)
  5 iguanas
  Ijyb (D:4)
  2 orc wizards
  5 adders
  3 gnolls (D:4)
  3 worms
  3 dart slugs
  10 orcs
  5 ball pythons
  2 bats (D:1)
  9 endoplasms
  3 giant cockroaches
  3 goblins
  4 hobgoblins
  6 kobolds
  A frilled lizard (D:1)
  6 rats
85 creatures vanquished.

Vanquished Creatures (others)
  An orc wizard (D:5)
1 creature vanquished.

Grand Total: 86 creatures vanquished

Notes
Turn   | Place    | Note
-------+----------+-------------------------------------------
     0 | D:1      | Wiggles the Minotaur Berserker began the quest for the Orb.
     0 | D:1      | Reached XP level 1. HP: 19/19 MP: 0/0
   176 | D:1      | Reached XP level 2. HP: 27/27 MP: 1/1
   178 | D:1      | Reached skill level 4 in Axes
   712 | D:2      | Reached ** piety under Trog
   753 | D:2      | Reached XP level 3. HP: 34/34 MP: 2/2
  1614 | D:3      | Found a faded altar of an unknown god.
  1672 | D:3      | Reached XP level 4. HP: 41/41 MP: 3/3
  1721 | D:3      | Reached skill level 5 in Fighting
  2147 | D:4      | Reached skill level 5 in Axes
  2203 | D:4      | Reached XP level 5. HP: 36/48 MP: 1/4
  2272 | D:4      | Reached skill level 1 in Shields
  2338 | D:4      | Noticed Grinder
  2341 | D:4      | Paralysed by Grinder for 3 turns
  2349 | D:4      | Killed Grinder
  2350 | D:4      | Reached skill level 6 in Axes
  2350 | D:4      | Reached XP level 6. HP: 49/56 MP: 3/5
  2436 | D:4      | Found Ivvuh's Armour Emporium.
  2464 | D:4      | Reached skill level 1 in Stealth
  2525 | D:4      | Noticed Ijyb
  2547 | D:4      | Killed Ijyb
  2648 | D:4      | Found a bloodstained altar of Trog.
  2651 | D:4      | Found a shimmering blue altar of Sif Muna.
  2652 | D:4      | Found a snail-covered altar of Cheibriados.
  2655 | D:4      | Found a glowing silver altar of Zin.
  2655 | D:4      | Found a white marble altar of Elyvilon.
  2739 | D:4      | Reached skill level 7 in Axes
  2739 | D:4      | Reached XP level 7. HP: 58/61 MP: 4/6
  3164 | D:5      | Entered Level 5 of the Dungeon
  3342 | D:5      | Reached *** piety under Trog
  3529 | D:5      | Reached skill level 8 in Axes
  3540 | D:5      | Reached XP level 8. HP: 33/70 MP: 4/7
  3879 | D:5      | Reached skill level 5 in Armour
  4024 | D:6      | Found a runed translucent door.
  4025 | D:6      | Noticed Crazy Yiuf
  4032 | D:6      | Killed Crazy Yiuf
  4073 | D:6      | Slain by a wight

Illustrated notes

Levels and vault maps discovered:
D:1:      lemuel_arrival_cross, layout_basic
D:2:      layout_basic, nrook_mini_vaults
D:3:      layout_basic, shapermc_ecumenical_altar_mp_highgroup,
          chequers_serial_rivers_room_b
D:4:      layout_loops_cross, grunt_temple_overflow_open, serial_shops,
          nicolae_shop_real_fake_doors, kennysheep_big_empty_room,
          chequers_decorated_corner, minmay_misc_feat_four_crosses,
          kennysheep_small_circle, uniq_grinder, uniq_ijyb
D:5:      layout_gridville, hangedman_abyss_or_decor_stagger
D:6:      layout_cave_pools, nicolae_take_the_stairs, uniq_edmund,
          uniq_crazy_yiuf_cottage, uniq_menkaure

Skill      XL: |  1  2  3  4  5  6  7  8 |
---------------+-------------------------+-----
Axes           | 4 5 6 7 8 |  8.4
Fighting       | 4 5 6 |  6.3
Shields        | 1 2 3 |  3.8
Armour         | 3 4 5 |  5.3
Dodging        | 3 |  3.5
Stealth        | 1 |  1.1

Action                     |  1- 3 |  4- 6 |  7- 9 || total
---------------------------+-------+-------+-------++-------
  Melee: Hand axe          |    67 |    71 |   102 ||   240
         Headbutt          |    13 |    13 |    15 ||    41
 Invoke: Berserk           |       |     1 |     2 ||     3
 Armour: Animal skin       |     3 |       |       ||     3
         Leather armour    |     8 |       |       ||     8
         Chain mail        |       |    16 |    53 ||    69
         Scale mail        |       |     4 |       ||     4
  Dodge: Dodged            |    51 |    34 |    80 ||   165
  Block: Buckler           |    13 |    16 |    21 ||    50
